London Knights vs Philadelphia Phantoms
Created - Tuesday, May 2, 2023 at 07:02
Goals
|
| London Knights |
1 |
1 |
0 |
2 |
| Philadelphia Phantoms |
0 |
2 |
2 |
4 |
|
Shots
|
| London Knights |
14 |
15 |
8 |
37 |
| Philadelphia Phantoms |
9 |
12 |
15 |
36 |
|
1st period
1. London Knights , Jan Jenik 14 (Connor Bunnaman 12) at 18:12
Penalties :
William Borgen (PHI) for Tripping (Minor) at 10:44, Jan Jenik (LKN) for Tripping (Minor) at 12:34
2nd period
2. Philadelphia Phantoms , Jaret Anderson-Dolan 18 (Adam Ruzicka 13) at 1:09 (PP)
3. London Knights , Curtis Douglas 15 (Troy Stecher 17, Ethan Bear 25) at 9:35
4. Philadelphia Phantoms , Noah Juulsen 3 (Brad Hunt 16, Mason Shaw 11) at 19:21
Penalties :
Connor Bunnaman (LKN) for Hooking (Minor) at 0:54, Marco Rossi (LKN) for Holding Stick (Minor) at 13:05
3rd period
5. Philadelphia Phantoms , Jaret Anderson-Dolan 19 (Brad Hunt 17, Connor Ingram) at 1:07
6. Philadelphia Phantoms , Jaret Anderson-Dolan 20 (Nathan Bastian 33) at 3:47
Penalties :
Casey Fitzgerald (PHI) for Fighting (Major) at 6:10, Troy Stecher (LKN) for Fighting (Major) at 6:10, Rasmus Kupari (LKN) for Interference (Minor) at 8:45, Curtis Douglas (LKN) for Roughing (Minor) at 16:44
Goalie Stats
Michael McNiven (LKN), 32 saves from 36 shots - (0.889), L, 3-6-0, 60:00 minutes
Connor Ingram (PHI), 35 saves from 37 shots - (0.946), W, 13-10-4, 60:00 minutes
Players Stats for London Knights
Player Name G A P +/- PIM S H SB GA TA FO MP PP MP PK MP
------------------------------------------------------------------------------------
Cameron Hughes 0 0 0 -1 0 3 1 0 1 0 0/2 20:14 1:37 1:40
Christian Wolanin 0 0 0 -1 0 1 1 2 1 0 0/0 21:14 0:13 3:10
Cole Koepke 0 0 0 -1 0 1 0 0 1 0 1/1 11:46 0:00 0:15
Connor Bunnaman 0 1 1 1 2 3 2 0 0 0 0/0 14:25 0:13 0:37
Curtis Douglas 1 0 1 -1 2 1 2 0 1 0 0/0 11:45 0:00 0:47
Declan McDonnell 0 0 0 0 0 0 0 0 0 0 0/0 8:22 0:00 0:20
Dominik Bokk 0 0 0 -1 0 1 0 0 0 0 0/1 13:01 0:00 1:48
Ethan Bear 0 1 1 1 0 7 1 0 2 0 0/0 26:53 1:37 4:55
Jan Jenik 1 0 1 1 2 3 0 1 1 0 2/8 16:51 0:12 3:15
Jordan Oesterle 0 0 0 -1 0 0 0 2 0 2 0/0 21:06 0:13 3:19
Marco Rossi 0 0 0 0 2 0 1 0 0 0 2/3 10:17 0:00 1:33
Nick Swaney 0 0 0 1 0 3 2 1 0 0 0/1 13:31 0:13 0:00
Rasmus Kupari 0 0 0 -1 2 6 0 3 0 0 11/28 21:47 1:37 3:08
Sami Niku 0 0 0 -1 0 3 0 0 0 0 0/0 13:58 0:00 0:08
Simon Lundmark 0 0 0 -1 0 0 0 0 0 1 0/0 12:51 0:00 0:55
Simon Ryfors 0 0 0 0 0 0 1 0 2 0 0/1 10:51 0:00 2:41
Troy Stecher 0 1 1 1 5 2 1 1 1 2 0/0 23:57 1:37 3:37
Tyce Thompson 0 0 0 -1 0 3 3 0 1 0 0/0 18:54 1:37 0:00
Players Stats for Philadelphia Phantoms
Player Name G A P +/- PIM S H SB GA TA FO MP PP MP PK MP
------------------------------------------------------------------------------------
Adam Ruzicka 0 1 1 1 0 4 2 0 0 1 0/0 15:56 4:07 0:00
Alex Steeves 0 0 0 1 0 1 1 1 0 0 6/8 12:15 0:00 0:29
Alexander Holtz 0 0 0 0 0 2 0 1 0 1 0/0 17:00 3:36 1:21
Blake Lizotte 0 0 0 0 0 2 0 2 0 1 9/14 17:00 3:36 1:21
Brad Hunt 0 2 2 2 0 0 0 1 0 1 0/0 21:19 4:13 0:13
Brett Murray 0 0 0 -1 0 3 2 1 0 0 0/0 13:04 0:00 0:00
Casey Fitzgerald 0 0 0 0 5 1 1 1 1 1 0/0 15:30 0:00 1:37
Derrick Pouliot 0 0 0 -1 0 3 1 2 0 2 0/0 23:23 3:49 0:13
Erik Gustafsson 0 0 0 -1 0 1 4 4 0 1 0/0 22:15 3:49 0:00
Jaret Anderson-Dolan 3 0 3 -1 0 5 0 0 1 0 7/12 17:26 4:22 0:00
Mason Shaw 0 1 1 1 0 0 1 0 1 0 5/9 13:19 0:04 0:00
Matt Luff 0 0 0 1 0 2 2 0 0 1 1/1 12:23 0:04 0:00
Nathan Bastian 0 1 1 -1 0 5 3 0 0 1 0/0 17:39 4:22 0:29
Nick Cousins 0 0 0 0 0 1 0 0 1 0 0/0 15:39 3:36 0:00
Noah Juulsen 1 0 1 2 0 4 3 0 0 0 0/0 22:20 4:13 1:37
Otto Koivula 0 0 0 1 0 0 1 1 1 0 1/1 12:46 0:00 0:00
Tyson Foerster 0 0 0 1 0 0 2 0 0 0 0/0 13:19 0:04 0:00
William Borgen 0 0 0 0 2 2 1 0 0 1 0/0 15:26 0:15 0:00
3 Stars
1 - Jaret Anderson-Dolan (PHI)
2 - Noah Juulsen (PHI)
3 - Connor Ingram (PHI)
Power Play
London Knights - 0 on 1 Attempt(s) - 0.00%
Philadelphia Phantoms - 1 on 5 Attempt(s) - 20.00%
Penalty Kill
London Knights - 4 on 5 Attempt(s) - 80.00%
- Score 0 goal in Penalty Kill
Philadelphia Phantoms - 1 on 1 Attempt(s) - 100.00%
- Score 0 goal in Penalty Kill
Team Stat
London Knights - Hits : 15 - Faceoff Wins : 16 - Blocked Shots : 10 - Penalty Minutes : 15
Philadelphia Phantoms - Hits : 24 - Faceoff Wins : 29 - Blocked Shots : 14 - Penalty Minutes : 7
Official
Referees : Unknown
Linesman : Unknown
Game Notes
Jaret Anderson-Dolan has scored a Hat Trick!
Casey Fitzgerald beats up Troy Stecher at 6:10 of 3rd period
London Knights
5 vs 5 Forward
Center Left Wing Right Wing Time % Phy DF OF
1 Rasmus Kupari Cameron Hughes Tyce Thompson 40 1 2 2
2 Jan Jenik Connor Bunnaman Nick Swaney 30 1 2 2
3 Curtis Douglas Cole Koepke Dominik Bokk 20 1 2 2
4 Marco Rossi Simon Ryfors Declan McDonnell 10 1 2 2
5 vs 5 Defense
Defense Defense Time % Phy DF OF
1 Ethan Bear Troy Stecher 40 1 2 2
2 Jordan Oesterle Christian Wolanin 30 1 2 2
3 Sami Niku Simon Lundmark 20 1 2 2
4 Ethan Bear Troy Stecher 10 1 2 2
PowerPlay Forward
Center Left Wing Right Wing Time % Phy DF OF
1 Rasmus Kupari Cameron Hughes Tyce Thompson 60 1 2 2
2 Jan Jenik Connor Bunnaman Nick Swaney 40 1 2 2
PowerPlay Defense
Defense Defense Time % Phy DF OF
1 Ethan Bear Troy Stecher 60 1 2 2
2 Jordan Oesterle Christian Wolanin 40 1 2 2
Penalty Kill 4 Players Forward
Center Wing Time % Phy DF OF
1 Rasmus Kupari Jan Jenik 60 1 2 2
2 Cameron Hughes Curtis Douglas 40 1 2 2
Penalty Kill 4 Players Defense
Defense Defense Time % Phy DF OF
1 Ethan Bear Troy Stecher 60 1 2 2
2 Jordan Oesterle Christian Wolanin 40 1 2 2
Penalty Kill - 3 Players Forward
Forward Time % Phy DF OF
1 Rasmus Kupari 60 1 2 2
2 Jan Jenik 40 1 2 2
Penalty Kill - 3 Players Defense
Defense Defense Time % Phy DF OF
1 Ethan Bear Troy Stecher 60 1 2 2
2 Jordan Oesterle Christian Wolanin 40 1 2 2
4 vs 4 Forward
Center Wing Time % Phy DF OF
1 Rasmus Kupari Jan Jenik 60 1 2 2
2 Cameron Hughes Curtis Douglas 40 1 2 2
4 vs 4 Defense
Defense Defense Time % Phy DF OF
1 Ethan Bear Troy Stecher 60 1 2 2
2 Jordan Oesterle Christian Wolanin 40 1 2 2
Last Minutes Offensive
Center Left Wing Right Wing Defense Defense
Rasmus Kupari Cameron Hughes Tyce Thompson Ethan Bear Troy Stecher
Last Minutes Defensive
Center Left Wing Right Wing Defense Defense
Rasmus Kupari Cameron Hughes Tyce Thompson Ethan Bear Troy Stecher
Goaltenders
Starting : Michael McNiven
Backup : Michael Hutchinson
Extra Forwards
Normal : Marco Rossi, Cole Koepke, Simon Ryfors - PP : Marco Rossi, Cole Koepke - PK : Simon Ryfors
Extra Defensemen
Normal : Sami Niku, Simon Lundmark, Jordan Oesterle - PP : Sami Niku - PK : Simon Lundmark, Jordan Oesterle
Penalty Shots
Rasmus Kupari, Jan Jenik, Cameron Hughes, Curtis Douglas, Marco Rossi
Philadelphia Phantoms
5 vs 5 Forward
Center Left Wing Right Wing Time % Phy DF OF
1 Blake Lizotte Nick Cousins Alexander Holtz 25 0 3 2
2 Jaret Anderson-Dolan Brett Murray Nathan Bastian 25 0 3 2
3 Mason Shaw Otto Koivula Tyson Foerster 25 0 3 2
4 Alex Steeves Adam Ruzicka Matt Luff 25 0 3 2
5 vs 5 Defense
Defense Defense Time % Phy DF OF
1 Erik Gustafsson Derrick Pouliot 35 0 3 2
2 Brad Hunt Noah Juulsen 35 0 3 2
3 William Borgen Casey Fitzgerald 30 0 3 2
4 Erik Gustafsson Derrick Pouliot 0 0 3 2
PowerPlay Forward
Center Left Wing Right Wing Time % Phy DF OF
1 Jaret Anderson-Dolan Adam Ruzicka Nathan Bastian 50 0 1 4
2 Blake Lizotte Nick Cousins Alexander Holtz 50 0 1 4
PowerPlay Defense
Defense Defense Time % Phy DF OF
1 Erik Gustafsson Derrick Pouliot 50 0 1 4
2 Brad Hunt Noah Juulsen 50 0 1 4
Penalty Kill 4 Players Forward
Center Wing Time % Phy DF OF
1 Blake Lizotte Alexander Holtz 50 0 4 1
2 Alex Steeves Nathan Bastian 50 0 4 1
Penalty Kill 4 Players Defense
Defense Defense Time % Phy DF OF
1 Noah Juulsen Casey Fitzgerald 50 0 4 1
2 Derrick Pouliot William Borgen 50 0 4 1
Penalty Kill - 3 Players Forward
Forward Time % Phy DF OF
1 Blake Lizotte 50 0 5 0
2 Nathan Bastian 50 0 5 0
Penalty Kill - 3 Players Defense
Defense Defense Time % Phy DF OF
1 Noah Juulsen Casey Fitzgerald 55 0 5 0
2 Derrick Pouliot William Borgen 45 0 5 0
4 vs 4 Forward
Center Wing Time % Phy DF OF
1 Blake Lizotte Nick Cousins 50 0 3 2
2 Jaret Anderson-Dolan Nathan Bastian 50 0 3 2
4 vs 4 Defense
Defense Defense Time % Phy DF OF
1 Erik Gustafsson Derrick Pouliot 50 0 3 2
2 Brad Hunt Noah Juulsen 50 0 3 2
Last Minutes Offensive
Center Left Wing Right Wing Defense Defense
Blake Lizotte Nick Cousins Nathan Bastian Erik Gustafsson Derrick Pouliot
Last Minutes Defensive
Center Left Wing Right Wing Defense Defense
Blake Lizotte Alexander Holtz Nathan Bastian Noah Juulsen Casey Fitzgerald
Goaltenders
Starting : Connor Ingram
Backup : Dereck Baribeau
Extra Forwards
Normal : Mason Shaw, Tyson Foerster, Brett Murray - PP : Mason Shaw, Tyson Foerster - PK : Brett Murray
Extra Defensemen
Normal : Derrick Pouliot, Brad Hunt, William Borgen - PP : Derrick Pouliot - PK : Brad Hunt, William Borgen
Penalty Shots
Blake Lizotte, Nick Cousins, Nathan Bastian, Jaret Anderson-Dolan, Alexander Holtz
% Time on Ice - London Knights
Lines # - Real PCT - Wanted PCT - Time Play
Normal Forward
1 - 36% - 40% - 17:54
2 - 27% - 30% - 13:39
3 - 21% - 20% - 10:38
4 - 16% - 10% - 7:48
Normal Defense
1 - 37% - 40% - 18:38
2 - 35% - 30% - 17:25
3 - 24% - 20% - 12:12
4 - 3% - 10% - 1:44
PP Forward
1 - 88% - 60% - 1:37
2 - 12% - 40% - 0:13
PP Defense
1 - 88% - 60% - 1:37
2 - 12% - 40% - 0:13
PK Forward
1 - 79% - 60% - 6:22
2 - 21% - 40% - 1:40
PK Defense
1 - 63% - 60% - 5:03
2 - 37% - 40% - 2:59
PK3 Forward
1 - 0% - 60%
2 - 0% - 40%
PK3 Defense
1 - 0% - 60%
2 - 0% - 40%
44 Forward
1 - 100% - 60% - 0:09
2 - 0% - 40% - 0:00
44 Defense
1 - 0% - 60% - 0:00
2 - 100% - 40% - 0:09
Last Minute Offensive - 0:00
Last Minute Defensive - 0:00
Total
Forward - 60:00
Defense - 60:00
|
% Time on Ice - Philadelphia Phantoms
Lines # - Real PCT - Wanted PCT - Time Play
Normal Forward
1 - 26% - 25% - 12:48
2 - 26% - 25% - 12:55
3 - 25% - 25% - 12:30
4 - 24% - 25% - 11:46
Normal Defense
1 - 37% - 35% - 18:17
2 - 33% - 35% - 16:30
3 - 30% - 30% - 15:12
4 - 0% - 0% - 0:00
PP Forward
1 - 52% - 50% - 4:11
2 - 48% - 50% - 3:51
PP Defense
1 - 48% - 50% - 3:49
2 - 52% - 50% - 4:13
PK Forward
1 - 74% - 50% - 1:21
2 - 26% - 50% - 0:29
PK Defense
1 - 88% - 50% - 1:37
2 - 12% - 50% - 0:13
PK3 Forward
1 - 0% - 50%
2 - 0% - 50%
PK3 Defense
1 - 0% - 55%
2 - 0% - 45%
44 Forward
1 - 0% - 50% - 0:00
2 - 100% - 50% - 0:09
44 Defense
1 - 100% - 50% - 0:09
2 - 0% - 50% - 0:00
Last Minute Offensive - 0:00
Last Minute Defensive - 0:00
Total
Forward - 60:00
Defense - 60:00
|
Play-by-Play
1st period
0:01 of 1st period - Blake Lizotte wins face-off versus Rasmus Kupari in neutral zone.
0:51 of 1st period - Slapshot by Cole Koepke.
0:51 of 1st period - Shot Misses the Net.
0:53 of 1st period - Slapshot by Sami Niku.
0:53 of 1st period - Stopped by Connor Ingram with a rebound.
0:55 of 1st period - Snap shot by Cole Koepke.
0:55 of 1st period - Stopped by Connor Ingram with a rebound.
0:57 of 1st period - Wrist shot by Dominik Bokk.
0:57 of 1st period - Deflect By Curtis Douglas.
0:57 of 1st period - Shot Blocked by Otto Koivula.
0:57 of 1st period - Puck is out of play.
0:58 of 1st period - Marco Rossi wins face-off versus Alex Steeves in Philadelphia Phantoms zone.
4:25 of 1st period - Tyce Thompson is hit by Nathan Bastian and loses puck.
4:50 of 1st period - Nick Cousins is hit by Curtis Douglas and loses puck.
5:07 of 1st period - Slapshot by Alex Steeves.
5:07 of 1st period - Stopped by Michael McNiven with a rebound.
6:50 of 1st period - William Borgen is hit by Simon Ryfors and loses puck.
7:07 of 1st period - Tyson Foerster is hit by Curtis Douglas and loses puck.
7:26 of 1st period - Wrist shot by Otto Koivula.
7:26 of 1st period - Shot Misses the Net.
7:28 of 1st period - Slapshot by William Borgen.
7:28 of 1st period - Stopped by Michael McNiven with a rebound.
7:30 of 1st period - Slapshot by Matt Luff.
7:30 of 1st period - Shot Blocked by Jordan Oesterle.
7:32 of 1st period - Slapshot by William Borgen.
7:32 of 1st period - Shot Blocked by Nick Swaney.
7:36 of 1st period - Wrist shot by Adam Ruzicka.
7:36 of 1st period - Stopped by Michael McNiven without a rebound.
7:37 of 1st period - Rasmus Kupari wins face-off versus Blake Lizotte in London Knights zone.
8:07 of 1st period - Snap shot by Dominik Bokk.
8:07 of 1st period - Shot Blocked by Blake Lizotte.
8:09 of 1st period - Slapshot by Dominik Bokk.
8:09 of 1st period - Stopped by Connor Ingram with a rebound.
8:11 of 1st period - Slapshot by Troy Stecher.
8:11 of 1st period - Shot Misses the Net.
8:13 of 1st period - Wrist shot by Ethan Bear.
8:13 of 1st period - Stopped by Connor Ingram without a rebound.
8:14 of 1st period - Jaret Anderson-Dolan wins face-off versus Rasmus Kupari in Philadelphia Phantoms zone.
8:39 of 1st period - Brad Hunt is hit by Nick Swaney and loses puck.
8:50 of 1st period - Slapshot by Ethan Bear.
8:50 of 1st period - Shot Misses the Net.
10:22 of 1st period - Slapshot by Sami Niku.
10:22 of 1st period - Stopped by Connor Ingram without a rebound.
10:23 of 1st period - Rasmus Kupari wins face-off versus Jaret Anderson-Dolan in Philadelphia Phantoms zone.
10:24 of 1st period - Snap shot by Cameron Hughes.
10:24 of 1st period - Shot Misses the Net.
10:26 of 1st period - Snap shot by Cameron Hughes.
10:26 of 1st period - Shot Misses the Net.
10:28 of 1st period - Snap shot by Cameron Hughes.
10:28 of 1st period - Shot Blocked by Brett Murray.
10:30 of 1st period - Slapshot by Ethan Bear.
10:30 of 1st period - Deflect By Tyce Thompson.
10:30 of 1st period - Stopped by Connor Ingram with a rebound.
10:32 of 1st period - Slapshot by Troy Stecher.
10:32 of 1st period - Shot Misses the Net.
10:34 of 1st period - Slapshot by Ethan Bear.
10:34 of 1st period - Stopped by Connor Ingram with a rebound.
10:44 of 1st period - Minor Penalty to William Borgen for Tripping.
10:45 of 1st period - Blake Lizotte wins face-off versus Rasmus Kupari in Philadelphia Phantoms zone.
11:27 of 1st period - Wrist shot by Rasmus Kupari.
11:27 of 1st period - Stopped by Connor Ingram with a rebound.
11:41 of 1st period - Wrist shot by Cameron Hughes.
11:41 of 1st period - Stopped by Connor Ingram with a rebound.
11:43 of 1st period - Slapshot by Ethan Bear.
11:43 of 1st period - Shot Blocked by Alexander Holtz.
11:45 of 1st period - Slapshot by Troy Stecher.
11:45 of 1st period - Shot Blocked by Casey Fitzgerald.
12:01 of 1st period - Snap shot by Tyce Thompson.
12:01 of 1st period - Shot Misses the Net.
12:21 of 1st period - Wrist shot by Rasmus Kupari.
12:21 of 1st period - Deflect By Tyce Thompson.
12:21 of 1st period - Shot Misses the Net.
12:21 of 1st period - Puck is out of play.
12:22 of 1st period - Alex Steeves wins face-off versus Jan Jenik in Philadelphia Phantoms zone.
12:22 of 1st period - Alex Steeves is hit by Connor Bunnaman.
12:32 of 1st period - Slapshot by Nathan Bastian.
12:32 of 1st period - Stopped by Michael McNiven with a rebound.
12:34 of 1st period - Minor Penalty to Jan Jenik for Tripping.
12:35 of 1st period - Jaret Anderson-Dolan wins face-off versus Marco Rossi in London Knights zone.
12:36 of 1st period - Wrist shot by Nathan Bastian.
12:36 of 1st period - Stopped by Michael McNiven with a rebound.
12:40 of 1st period - Snap shot by Jaret Anderson-Dolan.
12:40 of 1st period - Shot Blocked by Christian Wolanin.
12:42 of 1st period - Wrist shot by Nathan Bastian.
12:42 of 1st period - Stopped by Michael McNiven without a rebound.
12:43 of 1st period - Marco Rossi wins face-off versus Jaret Anderson-Dolan in London Knights zone.
12:44 of 1st period - Penalty to William Borgen is over, William Borgen is back on ice.
12:56 of 1st period - Wrist shot by Jaret Anderson-Dolan.
12:56 of 1st period - Stopped by Michael McNiven with a rebound.
12:58 of 1st period - Slapshot by Derrick Pouliot.
12:58 of 1st period - Stopped by Michael McNiven without a rebound.
12:59 of 1st period - Blake Lizotte wins face-off versus Rasmus Kupari in London Knights zone.
14:08 of 1st period - Christian Wolanin is hit by Erik Gustafsson and loses puck.
14:25 of 1st period - Slapshot by Curtis Douglas.
14:25 of 1st period - Deflect By Cameron Hughes.
14:25 of 1st period - Stopped by Connor Ingram with a rebound.
14:27 of 1st period - Slapshot by Christian Wolanin.
14:27 of 1st period - Shot Misses the Net.
14:29 of 1st period - Slapshot by Cameron Hughes.
14:29 of 1st period - Stopped by Connor Ingram without a rebound.
14:30 of 1st period - Jaret Anderson-Dolan wins face-off versus Rasmus Kupari in Philadelphia Phantoms zone.
14:34 of 1st period - Penalty to Jan Jenik is over, Jan Jenik is back on ice.
14:43 of 1st period - Troy Stecher is hit by Tyson Foerster and loses puck.
15:42 of 1st period - Christian Wolanin is hit by Casey Fitzgerald.
16:44 of 1st period - Wrist shot by Alexander Holtz.
16:44 of 1st period - Shot Misses the Net.
17:06 of 1st period - Wrist shot by Nathan Bastian.
17:06 of 1st period - Shot Misses the Net.
17:08 of 1st period - Slapshot by Erik Gustafsson.
17:08 of 1st period - Stopped by Michael McNiven without a rebound.
17:09 of 1st period - Alex Steeves wins face-off versus Jan Jenik in London Knights zone.
17:39 of 1st period - Off-side.
17:40 of 1st period - Blake Lizotte wins face-off versus Rasmus Kupari in neutral zone.
18:05 of 1st period - William Borgen is hit by Ethan Bear and loses puck.
18:12 of 1st period - Slapshot by Jan Jenik.
18:12 of 1st period - Deflect By Nathan Bastian.
18:12 of 1st period - Goal by Jan Jenik - London Knights : 1 - Philadelphia Phantoms : 0.
18:13 of 1st period - Alex Steeves wins face-off versus Rasmus Kupari in neutral zone.
18:27 of 1st period - Slapshot by Cameron Hughes.
18:27 of 1st period - Shot Blocked by Alex Steeves.
18:29 of 1st period - Slapshot by Troy Stecher.
18:29 of 1st period - Stopped by Connor Ingram with a rebound.
18:46 of 1st period - Wrist shot by Jan Jenik.
18:46 of 1st period - Shot Hit the Post.
18:48 of 1st period - Snap shot by Christian Wolanin.
18:48 of 1st period - Stopped by Connor Ingram without a rebound.
18:49 of 1st period - Otto Koivula wins face-off versus Rasmus Kupari in Philadelphia Phantoms zone.
19:25 of 1st period - Wrist shot by Tyce Thompson.
19:25 of 1st period - Shot Blocked by Derrick Pouliot.
19:47 of 1st period - Snap shot by Jaret Anderson-Dolan.
19:47 of 1st period - Shot Blocked by Rasmus Kupari.
19:49 of 1st period - Wrist shot by Nathan Bastian.
19:49 of 1st period - Shot Misses the Net.
Goals for this period are 1 for London Knights vs 0 for Philadelphia Phantoms.
Shots for this period are 14 for London Knights vs 9 for Philadelphia Phantoms.
2nd period
0:01 of 2nd period - Rasmus Kupari wins face-off versus Blake Lizotte in neutral zone.
0:09 of 2nd period - Off-side.
0:10 of 2nd period - Rasmus Kupari wins face-off versus Blake Lizotte in neutral zone.
0:31 of 2nd period - Slapshot by Ethan Bear.
0:31 of 2nd period - Stopped by Connor Ingram with a rebound.
0:33 of 2nd period - Slapshot by Ethan Bear.
0:33 of 2nd period - Stopped by Connor Ingram without a rebound.
0:34 of 2nd period - Alex Steeves wins face-off versus Jan Jenik in Philadelphia Phantoms zone.
0:34 of 2nd period - Alex Steeves is hit by Connor Bunnaman.
0:42 of 2nd period - Wrist shot by Adam Ruzicka.
0:42 of 2nd period - Stopped by Michael McNiven without a rebound.
0:43 of 2nd period - Alex Steeves wins face-off versus Jan Jenik in London Knights zone.
0:52 of 2nd period - Snap shot by Adam Ruzicka.
0:52 of 2nd period - Stopped by Michael McNiven with a rebound.
0:54 of 2nd period - Minor Penalty to Connor Bunnaman for Hooking.
0:55 of 2nd period - Jaret Anderson-Dolan wins face-off versus Rasmus Kupari in London Knights zone.
1:02 of 2nd period - Jan Jenik is hit by Nathan Bastian and loses puck.
1:09 of 2nd period - Snap shot by Jaret Anderson-Dolan.
1:09 of 2nd period - Goal by Jaret Anderson-Dolan - London Knights : 1 - Philadelphia Phantoms : 1.
1:10 of 2nd period - Mason Shaw wins face-off versus Rasmus Kupari in neutral zone.
1:43 of 2nd period - Snap shot by Jan Jenik.
1:43 of 2nd period - Shot Misses the Net.
1:59 of 2nd period - Snap shot by Alexander Holtz.
1:59 of 2nd period - Deflect By Nick Cousins.
1:59 of 2nd period - Shot Blocked by Christian Wolanin.
1:59 of 2nd period - Puck is out of play.
2:00 of 2nd period - Blake Lizotte wins face-off versus Rasmus Kupari in London Knights zone.
2:40 of 2nd period - Backhand shot by Blake Lizotte.
2:40 of 2nd period - Stopped by Michael McNiven with a rebound.
2:42 of 2nd period - Slapshot by Casey Fitzgerald.
2:42 of 2nd period - Deflect By Ethan Bear.
2:42 of 2nd period - Stopped by Michael McNiven with a rebound.
2:44 of 2nd period - Slapshot by Casey Fitzgerald.
2:44 of 2nd period - Shot Blocked by Jan Jenik.
2:56 of 2nd period - Slapshot by Nick Swaney.
2:56 of 2nd period - Stopped by Connor Ingram with a rebound.
2:58 of 2nd period - Snap shot by Connor Bunnaman.
2:58 of 2nd period - Stopped by Connor Ingram with a rebound.
3:00 of 2nd period - Snap shot by Nick Swaney.
3:00 of 2nd period - Shot Blocked by Erik Gustafsson.
3:02 of 2nd period - Slapshot by Ethan Bear.
3:02 of 2nd period - Stopped by Connor Ingram with a rebound.
3:10 of 2nd period - Slapshot by Nick Swaney.
3:10 of 2nd period - Stopped by Connor Ingram with a rebound.
3:22 of 2nd period - Backhand shot by Jan Jenik.
3:22 of 2nd period - Shot Blocked by Blake Lizotte.
3:24 of 2nd period - Snap shot by Jan Jenik.
3:24 of 2nd period - Stopped by Connor Ingram with a rebound.
3:26 of 2nd period - Snap shot by Nick Swaney.
3:26 of 2nd period - Shot Misses the Net.
3:28 of 2nd period - Snap shot by Nick Swaney.
3:28 of 2nd period - Shot Misses the Net.
3:30 of 2nd period - Wrist shot by Connor Bunnaman.
3:30 of 2nd period - Stopped by Connor Ingram with a rebound.
3:32 of 2nd period - Slapshot by Jan Jenik.
3:32 of 2nd period - Stopped by Connor Ingram with a rebound.
3:38 of 2nd period - Wrist shot by Connor Bunnaman.
3:38 of 2nd period - Shot Blocked by Erik Gustafsson.
3:40 of 2nd period - Slapshot by Troy Stecher.
3:40 of 2nd period - Shot Misses the Net.
3:42 of 2nd period - Slapshot by Troy Stecher.
3:42 of 2nd period - Shot Misses the Net.
3:44 of 2nd period - Slapshot by Troy Stecher.
3:44 of 2nd period - Shot Blocked by Erik Gustafsson.
3:46 of 2nd period - Wrist shot by Nick Swaney.
3:46 of 2nd period - Stopped by Connor Ingram without a rebound.
3:47 of 2nd period - Mason Shaw wins face-off versus Cameron Hughes in Philadelphia Phantoms zone.
3:47 of 2nd period - Mason Shaw is hit by Tyce Thompson.
4:15 of 2nd period - Snap shot by Matt Luff.
4:15 of 2nd period - Shot Misses the Net.
4:37 of 2nd period - Jordan Oesterle is hit by William Borgen and loses puck.
4:52 of 2nd period - Marco Rossi is hit by Mason Shaw and loses puck.
5:32 of 2nd period - Simon Lundmark is hit by Alex Steeves and loses puck.
5:53 of 2nd period - Brad Hunt is hit by Tyce Thompson and loses puck.
6:50 of 2nd period - Sami Niku is hit by Matt Luff and loses puck.
7:01 of 2nd period - Curtis Douglas is hit by Brett Murray and loses puck.
7:30 of 2nd period - Matt Luff is hit by Tyce Thompson and loses puck.
7:45 of 2nd period - Tyson Foerster is hit by Troy Stecher and loses puck.
8:29 of 2nd period - Icing by Curtis Douglas.
8:30 of 2nd period - Alex Steeves wins face-off versus Jan Jenik in London Knights zone.
8:37 of 2nd period - Slapshot by Noah Juulsen.
8:37 of 2nd period - Stopped by Michael McNiven with a rebound.
8:39 of 2nd period - Snap shot by Brad Hunt.
8:39 of 2nd period - Shot Blocked by Jordan Oesterle.
8:55 of 2nd period - Snap shot by Rasmus Kupari.
8:55 of 2nd period - Stopped by Connor Ingram with a rebound.
9:14 of 2nd period - Off-side.
9:15 of 2nd period - Cole Koepke wins face-off versus Jaret Anderson-Dolan in neutral zone.
9:35 of 2nd period - Slapshot by Curtis Douglas.
9:35 of 2nd period - Goal by Curtis Douglas - London Knights : 2 - Philadelphia Phantoms : 1.
9:36 of 2nd period - Rasmus Kupari wins face-off versus Mason Shaw in neutral zone.
9:41 of 2nd period - Wrist shot by Rasmus Kupari.
9:41 of 2nd period - Stopped by Connor Ingram with a rebound.
10:38 of 2nd period - Curtis Douglas is hit by Brett Murray and loses puck.
10:51 of 2nd period - Slapshot by Nick Cousins.
10:51 of 2nd period - Shot Blocked by Rasmus Kupari.
10:53 of 2nd period - Snap shot by Blake Lizotte.
10:53 of 2nd period - Stopped by Michael McNiven with a rebound.
10:55 of 2nd period - Snap shot by Casey Fitzgerald.
10:55 of 2nd period - Deflect By Alexander Holtz.
10:55 of 2nd period - Stopped by Michael McNiven with a rebound.
12:26 of 2nd period - Snap shot by Blake Lizotte.
12:26 of 2nd period - Shot Misses the Net.
12:58 of 2nd period - Ethan Bear is hit by Matt Luff and loses puck.
13:03 of 2nd period - Wrist shot by Matt Luff.
13:03 of 2nd period - Stopped by Michael McNiven with a rebound.
13:05 of 2nd period - Minor Penalty to Marco Rossi for Holding Stick.
13:06 of 2nd period - Jaret Anderson-Dolan wins face-off versus Rasmus Kupari in London Knights zone.
13:13 of 2nd period - Wrist shot by Nathan Bastian.
13:13 of 2nd period - Stopped by Michael McNiven with a rebound.
13:32 of 2nd period - Jan Jenik is hit by Noah Juulsen and loses puck.
13:37 of 2nd period - Slapshot by Nick Cousins.
13:37 of 2nd period - Stopped by Michael McNiven with a rebound.
15:05 of 2nd period - Penalty to Marco Rossi is over, Marco Rossi is back on ice.
15:17 of 2nd period - Connor Bunnaman is hit by Noah Juulsen and loses puck.
15:36 of 2nd period - William Borgen is hit by Marco Rossi and loses puck.
16:33 of 2nd period - Snap shot by Christian Wolanin.
16:33 of 2nd period - Shot Misses the Net.
17:24 of 2nd period - Slapshot by Ethan Bear.
17:24 of 2nd period - Stopped by Connor Ingram with a rebound.
18:49 of 2nd period - Slapshot by Christian Wolanin.
18:49 of 2nd period - Deflect By Simon Ryfors.
18:49 of 2nd period - Shot Misses the Net.
18:49 of 2nd period - Puck is out of play.
18:50 of 2nd period - Jaret Anderson-Dolan wins face-off versus Nick Swaney in Philadelphia Phantoms zone.
19:03 of 2nd period - Slapshot by Connor Bunnaman.
19:03 of 2nd period - Stopped by Connor Ingram with a rebound.
19:19 of 2nd period - Slapshot by Brad Hunt.
19:19 of 2nd period - Shot Misses the Net.
19:21 of 2nd period - Slapshot by Noah Juulsen.
19:21 of 2nd period - Goal by Noah Juulsen - London Knights : 2 - Philadelphia Phantoms : 2.
19:22 of 2nd period - Matt Luff wins face-off versus Rasmus Kupari in neutral zone.
19:35 of 2nd period - Wrist shot by Matt Luff.
19:35 of 2nd period - Shot Misses the Net.
19:43 of 2nd period - Ethan Bear is hit by Adam Ruzicka and loses puck.
19:56 of 2nd period - Matt Luff is hit by Cameron Hughes and loses puck.
Goals for this period are 1 for London Knights vs 2 for Philadelphia Phantoms.
Shots for this period are 15 for London Knights vs 12 for Philadelphia Phantoms.
3rd period
0:01 of 3rd period - Mason Shaw wins face-off versus Rasmus Kupari in neutral zone.
0:49 of 3rd period - Snap shot by Marco Rossi.
0:49 of 3rd period - Shot Misses the Net.
0:51 of 3rd period - Slapshot by Simon Ryfors.
0:51 of 3rd period - Shot Blocked by Brad Hunt.
1:07 of 3rd period - Snap shot by Jaret Anderson-Dolan.
1:07 of 3rd period - Goal by Jaret Anderson-Dolan - London Knights : 2 - Philadelphia Phantoms : 3.
1:08 of 3rd period - Rasmus Kupari wins face-off versus Mason Shaw in neutral zone.
1:35 of 3rd period - Snap shot by Matt Luff.
1:35 of 3rd period - Shot Misses the Net.
1:43 of 3rd period - Slapshot by Troy Stecher.
1:43 of 3rd period - Stopped by Connor Ingram with a rebound.
2:13 of 3rd period - Wrist shot by Nathan Bastian.
2:13 of 3rd period - Shot Misses the Net.
2:39 of 3rd period - Wrist shot by Mason Shaw.
2:39 of 3rd period - Shot Blocked by Rasmus Kupari.
2:43 of 3rd period - Slapshot by Otto Koivula.
2:43 of 3rd period - Shot Misses the Net.
2:53 of 3rd period - Snap shot by Adam Ruzicka.
2:53 of 3rd period - Shot Misses the Net.
2:55 of 3rd period - Slapshot by Brad Hunt.
2:55 of 3rd period - Shot Misses the Net.
2:57 of 3rd period - Wrist shot by Matt Luff.
2:57 of 3rd period - Shot Misses the Net.
3:01 of 3rd period - Snap shot by Adam Ruzicka.
3:01 of 3rd period - Stopped by Michael McNiven with a rebound.
3:03 of 3rd period - Slapshot by Noah Juulsen.
3:03 of 3rd period - Deflect By Nick Swaney.
3:03 of 3rd period - Stopped by Michael McNiven with a rebound.
3:12 of 3rd period - Off-side.
3:13 of 3rd period - Blake Lizotte wins face-off versus Dominik Bokk in neutral zone.
3:20 of 3rd period - Slapshot by Blake Lizotte.
3:20 of 3rd period - Shot Misses the Net.
3:22 of 3rd period - Snap shot by Alexander Holtz.
3:22 of 3rd period - Shot Misses the Net.
3:45 of 3rd period - Snap shot by Jaret Anderson-Dolan.
3:45 of 3rd period - Shot Misses the Net.
3:47 of 3rd period - Slapshot by Jaret Anderson-Dolan.
3:47 of 3rd period - Goal by Jaret Anderson-Dolan - London Knights : 2 - Philadelphia Phantoms : 4.
3:48 of 3rd period - Mason Shaw wins face-off versus Rasmus Kupari in neutral zone.
4:01 of 3rd period - Cameron Hughes is hit by Otto Koivula and loses puck.
4:14 of 3rd period - Nick Swaney is hit by Erik Gustafsson and loses puck.
4:57 of 3rd period - Slapshot by Derrick Pouliot.
4:57 of 3rd period - Stopped by Michael McNiven with a rebound.
5:32 of 3rd period - Jordan Oesterle is hit by Noah Juulsen and loses puck.
5:47 of 3rd period - Alex Steeves is hit by Nick Swaney and loses puck.
6:07 of 3rd period - Off-side.
6:08 of 3rd period - Rasmus Kupari wins face-off versus Jaret Anderson-Dolan in neutral zone.
6:10 of 3rd period - Casey Fitzgerald beats up Troy Stecher.
6:10 of 3rd period - Penalty to Casey Fitzgerald for Fighting.
6:10 of 3rd period - Penalty to Troy Stecher for Fighting.
6:11 of 3rd period - Rasmus Kupari wins face-off versus Jaret Anderson-Dolan in neutral zone.
6:23 of 3rd period - Slapshot by Derrick Pouliot.
6:23 of 3rd period - Stopped by Michael McNiven with a rebound.
7:38 of 3rd period - Wrist shot by Jaret Anderson-Dolan.
7:38 of 3rd period - Stopped by Michael McNiven without a rebound.
7:39 of 3rd period - Rasmus Kupari wins face-off versus Blake Lizotte in London Knights zone.
7:39 of 3rd period - Rasmus Kupari is hit by Derrick Pouliot.
7:47 of 3rd period - Snap shot by Tyce Thompson.
7:47 of 3rd period - Stopped by Connor Ingram with a rebound.
7:49 of 3rd period - Snap shot by Tyce Thompson.
7:49 of 3rd period - Shot Misses the Net.
7:51 of 3rd period - Wrist shot by Rasmus Kupari.
7:51 of 3rd period - Stopped by Connor Ingram without a rebound.
7:52 of 3rd period - Rasmus Kupari wins face-off versus Mason Shaw in Philadelphia Phantoms zone.
7:55 of 3rd period - Wrist shot by Tyce Thompson.
7:55 of 3rd period - Stopped by Connor Ingram with a rebound.
8:07 of 3rd period - Slapshot by William Borgen.
8:07 of 3rd period - Stopped by Michael McNiven without a rebound.
8:08 of 3rd period - Blake Lizotte wins face-off versus Jan Jenik in London Knights zone.
8:09 of 3rd period - Wrist shot by Alexander Holtz.
8:09 of 3rd period - Stopped by Michael McNiven without a rebound.
8:10 of 3rd period - Jan Jenik wins face-off versus Blake Lizotte in London Knights zone.
8:35 of 3rd period - Derrick Pouliot is hit by Christian Wolanin and loses puck.
8:45 of 3rd period - Minor Penalty to Rasmus Kupari for Interference.
8:46 of 3rd period - Blake Lizotte wins face-off versus Simon Ryfors in London Knights zone.
9:56 of 3rd period - Dominik Bokk is hit by Nathan Bastian.
10:45 of 3rd period - Penalty to Rasmus Kupari is over, Rasmus Kupari is back on ice.
10:49 of 3rd period - Icing by Derrick Pouliot.
10:50 of 3rd period - Rasmus Kupari wins face-off versus Mason Shaw in Philadelphia Phantoms zone.
10:55 of 3rd period - Snap shot by Cameron Hughes.
10:55 of 3rd period - Deflect By Mason Shaw.
10:55 of 3rd period - Shot Misses the Net.
10:55 of 3rd period - Puck is out of play.
10:56 of 3rd period - Mason Shaw wins face-off versus Rasmus Kupari in Philadelphia Phantoms zone.
11:01 of 3rd period - Tyce Thompson is hit by Tyson Foerster and loses puck.
11:08 of 3rd period - Snap shot by Mason Shaw.
11:08 of 3rd period - Shot Misses the Net.
11:14 of 3rd period - Wrist shot by Rasmus Kupari.
11:14 of 3rd period - Stopped by Connor Ingram with a rebound.
11:16 of 3rd period - Slapshot by Sami Niku.
11:16 of 3rd period - Stopped by Connor Ingram with a rebound.
11:18 of 3rd period - Slapshot by Cameron Hughes.
11:18 of 3rd period - Deflect By Rasmus Kupari.
11:18 of 3rd period - Stopped by Connor Ingram without a rebound.
11:19 of 3rd period - Jan Jenik wins face-off versus Alex Steeves in Philadelphia Phantoms zone.
11:24 of 3rd period - Slapshot by Ethan Bear.
11:24 of 3rd period - Shot Misses the Net.
11:26 of 3rd period - Slapshot by Ethan Bear.
11:26 of 3rd period - Stopped by Connor Ingram with a rebound.
13:02 of 3rd period - Wrist shot by Matt Luff.
13:02 of 3rd period - Stopped by Michael McNiven with a rebound.
13:28 of 3rd period - Snap shot by Nick Cousins.
13:28 of 3rd period - Shot Misses the Net.
13:48 of 3rd period - Simon Ryfors is hit by Erik Gustafsson and loses puck.
13:53 of 3rd period - Wrist shot by Jaret Anderson-Dolan.
13:53 of 3rd period - Shot Blocked by Troy Stecher.
13:55 of 3rd period - Slapshot by Noah Juulsen.
13:55 of 3rd period - Deflect By Marco Rossi.
13:55 of 3rd period - Stopped by Michael McNiven with a rebound.
14:01 of 3rd period - Backhand shot by Brett Murray.
14:01 of 3rd period - Stopped by Michael McNiven with a rebound.
14:11 of 3rd period - Ethan Bear is hit by Adam Ruzicka and loses puck.
14:16 of 3rd period - Snap shot by Adam Ruzicka.
14:16 of 3rd period - Shot Misses the Net.
14:22 of 3rd period - Backhand shot by Troy Stecher.
14:22 of 3rd period - Shot Blocked by Erik Gustafsson.
14:53 of 3rd period - Jordan Oesterle is hit by Erik Gustafsson and loses puck.
15:26 of 3rd period - Snap shot by Brett Murray.
15:26 of 3rd period - Stopped by Michael McNiven with a rebound.
16:44 of 3rd period - Minor Penalty to Curtis Douglas for Roughing.
16:45 of 3rd period - Jaret Anderson-Dolan wins face-off versus Rasmus Kupari in London Knights zone.
17:14 of 3rd period - Off-side.
17:15 of 3rd period - Blake Lizotte wins face-off versus Cameron Hughes in neutral zone.
17:59 of 3rd period - Snap shot by Nathan Bastian.
17:59 of 3rd period - Stopped by Michael McNiven with a rebound.
18:44 of 3rd period - Penalty to Curtis Douglas is over, Curtis Douglas is back on ice.
18:50 of 3rd period - Wrist shot by Brett Murray.
18:50 of 3rd period - Stopped by Michael McNiven with a rebound.
19:45 of 3rd period - Slapshot by Christian Wolanin.
19:45 of 3rd period - Shot Blocked by Derrick Pouliot.
Goals for this period are 0 for London Knights vs 2 for Philadelphia Phantoms.
Shots for this period are 8 for London Knights vs 15 for Philadelphia Phantoms.
Back to the Top